 Dungeon Crawl Stone Soup version 0.24-a0-140-gcaa6c10 (webtiles) character file.

Game seed: 16503765817288023554

79 tilp the Chopper (level 4, -1/35 HPs)
             Began as a Formicid Monk on Mar 4, 2019.
             Slain by an iguana (7 damage)
             ... on level 4 of the Dungeon.
             The game lasted 00:07:35 (2807 turns).

tilp the Chopper (Formicid Monk)                    Turns: 2807, Time: 00:07:36

Health: -1/35      AC: 10    Str: 16    XL:     4   Next: 62%
Magic:  4/4        EV:  4    Int: 10    God:
Gold:   175        SH:  7    Dex: 13    Spells: 3/3 levels left

rFire    . . .     SeeInvis +   a - +0 hand axe
rCold    . . .     Gourm    .   h - +0 shield
rNeg     . . .     Faith    .   j - +0 chain mail
rPois    .         Spirit   .   (helmet unavailable)
rElec    .         Reflect  .   i - +0 cloak
rCorr    .         Harm     .   t - +0 pair of gloves (curse)
MR       .....                  (no boots)
Stlth    ..........             (no amulet)
HPRegen  0.11/turn              (no ring)
MPRegen  0.09/turn              (no ring)

@: no status effects
A: permanent stasis, dig shafts and tunnels, four strong arms, antennae 3
a: Dig, Shaft Self


You were on level 4 of the Dungeon.
You were very hungry.

You visited 1 branch of the dungeon, and saw 4 of its levels.

You collected 175 gold pieces.

Inventory:

Hand Weapons
 a - a +0 hand axe (weapon)
 b - a +0 hunting sling
Missiles
 d - 187 stones (quivered)
 f - 39 sling bullets
 g - a throwing net
Armour
 h - a +0 shield (worn)
 i - a +0 cloak (worn)
 j - a +0 chain mail (worn)
 t - a cursed +0 pair of gloves (worn)
Jewellery
 l - an uncursed amulet of the acrobat {unknown}
Scrolls
 e - a scroll of fear {unknown}
 n - a scroll of amnesia {unknown}
 u - a scroll of enchant weapon {unknown}
Potions
 m - a potion of ambrosia {unknown}
 o - a potion of curing {unknown}
 p - 2 potions of flight {unknown}
 q - a potion of berserk rage {unknown}
 r - a potion of heal wounds {unknown}
Comestibles
 c - 5 rations


   Skills:
 - Level 3.2 Fighting
 + Level 5.0 Axes
 - Level 2.6 Dodging
 - Level 2.4 Stealth


You had 3 spell levels left.
You didn't know any spells.
Your spell library contained the following spells:

 Spells                   Type           Power        Failure   Level  Hunger
 Animate Skeleton         Necr           N/A          100%        1    ##.....
 Apportation              Tloc           #.....       100%        1    ##.....
 Confusing Touch          Hex            #.....       100%        1    ##.....
 Summon Small Mammal      Summ           #...         100%        1    ##.....


Dungeon Overview and Level Annotations

Branches:
Dungeon (4/15)
 Temple: D:4-7

Altars:
Gozag

Annotations:
D:2 Sigmund
D:3 1 runed translucent door, PeterMcNeter's ghost, weakling DrTm


Innate Abilities, Weirdness & Mutations

You cannot be hasted, slowed, berserked, paralysed or teleported.
You can dig through walls and to a lower floor.
Your four strong arms can wield two-handed weapons with a shield.
You have a pair of large antennae on your head. (SInv)


Message History

The iguana is almost dead.
You block the iguana's attack. The iguana bites you.
You hit the iguana but do no damage.
The iguana is almost dead.
You hit the jackal skeleton.
The jackal skeleton bites you but does no damage.
The iguana bites you.
You closely miss the iguana.
The iguana is almost dead.
You hit the jackal skeleton.
You destroy the jackal skeleton!
The iguana bites you but does no damage.
You barely miss the iguana.
The iguana is almost dead.
The iguana bites you.
* * * LOW HITPOINT WARNING * * *
Your chain mail prevents you from hitting the iguana.
The iguana is almost dead.
The iguana bites you!
You die...

..#...... ......$.
##### #...... ##.).#
#..?..####>...#
#.....##.#....
.###..)......#..###
!.....)...##......#
.....###...##.....##
...######.####.@...#
. #......###...l###
#.............#
....#.........## ..#
##.....#...# .
...####.#...)# ....
##....## #### ..#.#
#####


You could see an iguana.

Vanquished Creatures
  An adder (D:2)
  A worm (D:3)
  2 dart slugs
  3 leopard geckos
  3 orcs
  3 giant cockroaches
  9 goblins
  8 hobgoblins
  2 jackals (D:1)
  5 kobolds
  2 quokkas (D:2)
  4 bats
  2 frilled lizards (D:3)
  A jackal skeleton (D:4)
  5 rats
51 creatures vanquished.

Notes
Turn   | Place    | Note
-------+----------+-------------------------------------------
     0 | D:1      | tilp the Formicid Monk began the quest for the Orb.
     0 | D:1      | Reached XP level 1. HP: 18/18 MP: 1/1
   298 | D:1      | Reached XP level 2. HP: 21/24 MP: 2/2
   632 | D:1      | Reached skill level 4 in Axes
   632 | D:1      | Reached XP level 3. HP: 24/29 MP: 3/3
  1134 | D:2      | You fall through a shaft!
  1603 | D:2      | Reached XP level 4. HP: 34/35 MP: 4/4
  1718 | D:2      | Noticed Sigmund
  2305 | D:3      | Found a runed translucent door.
  2311 | D:3      | Noticed PeterMcNeter's ghost (weakling DrTm)
  2399 | D:3      | Found an opulent altar of Gozag.
  2540 | D:3      | Reached skill level 5 in Axes
  2807 | D:4      | Slain by an iguana

Levels and vault maps discovered:
D:1:      eino_arrival_cavern_d, layout_loops_ring
D:2:      layout_basic, uniq_sigmund
D:3:      layout_rooms, marbit_many_paths, first_ration, ebering_ghost_sewer_d
D:4:      layout_cave_pools

Skill      XL: |  1  2  3  4 |
---------------+-------------+-----
Axes           | 4 5 |  5.0
Fighting       | |  3.2
Dodging        | |  2.6
Stealth        | |  2.4

Action                   |  1- 3 |  4- 6 || total
-------------------------+-------+-------++-------
Melee: Hand axe          |   103 |   134 ||   237
 Fire: Hunting sling     |     5 |       ||     5
Throw: Stone             |     1 |       ||     1
  Use: Scroll            |       |     1 ||     1
 Stab: Sleeping          |     4 |     1 ||     5
  Eat: Chunk             |     1 |     4 ||     5
Armor: Robe              |     9 |       ||     9
       Ring mail         |    15 |    58 ||    73
       Chain mail        |       |     4 ||     4
Dodge: Dodged            |    48 |    34 ||    82
Block: Shield            |    15 |    51 ||    66

Table legend:
 A = Non-vault XP
 B = Vault XP
 C = Vault XP percentage of total XP
 D = Non-vault monster count
 E = Vault monster count
 F = Vault count percentage of total count
                 A         B        C        D         E       F
            +---------+---------+-------+---------+---------+-------
      Total |     111 |       2 |   1.8 |      50 |       1 |   2.0
            +---------+---------+-------+---------+---------+-------
        D:1 |      39 |       0 |   0.0 |      21 |       0 |   0.0
        D:2 |      38 |       0 |   0.0 |      13 |       0 |   0.0
        D:3 |      27 |       2 |   6.9 |      13 |       1 |   7.1
        D:4 |       7 |       0 |   0.0 |       3 |       0 |   0.0
            +---------+---------+-------+---------+---------+-------
